AoeStats
← 白鹿城拉车车

African Clearing

504449007Analyzed
4v4 RM · 26d ago on Sep 5, 2026· 35m 8s· 8 players
Game mode
Random Map
Map size
Large (8 player)
Population
200
Speed
Normal
Resources
Standard
Victory
Conquest
Starting age
Dark Age
Ending age
Imperial Age
RankedLock teamsTeams togetherTeam positionsShared explorationLock speedFull tech treeHidden civsTurbo modeCheats
Victory
Defeat
🇨🇳 Franks · China
1328
+14
1319
+15
🇨🇳 Magyars · China
1270
+17
🇨🇳 Mongols · China
1201
+19
🇬🇧 Lithuanians · United Kingdom
1344
-18
🇪🇸 Franks · Spain
1280
-16
🇨🇳 Cumans · China
1273
-16
🇩🇰 Vietnamese · Denmark
1243
-15
Rain
3:43 Loom
11:59 Feudal Age
12:03 Man-at-Arms
25:05 Fletching
28:03 Double-Bit Axe
30:57 Horse Collar
33:51 Castle Age
33:50 Scale Barding Armor
34:07 Gold Mining
34:53 Bow Saw
34:57 Bloodlines
34:52 Husbandry
Leven仔不会玩
4:15 Loom
13:58 Feudal Age
20:39 Castle Age
18:36 Horse Collar
19:05 Double-Bit Axe
20:37 Gold Mining
20:40 Fletching
21:05 Padded Archer Armor
22:39 Husbandry
22:55 Bow Saw
22:49 Heavy Plow
24:08 Ballistics
24:19 Bodkin Arrow
24:54 Bloodlines
26:00 Leather Archer Armor
26:32 Wheelbarrow
29:21 Hand Cart
30:43 Thumb Ring
34:13 Imperial Age
34:21 Town Watch
35:22 Bracer
36:32 Chemistry
开局不死农就算成功
5:48 Loom
13:59 Feudal Age
15:49 Bloodlines
15:41 Horse Collar
27:07 Castle Age
25:53 Scale Barding Armor
26:21 Forging
35:01 Town Watch
白鹿城拉车车
9:49 Loom
13:14 Feudal Age
15:19 Double-Bit Axe
18:18 Castle Age
16:42 Scale Barding Armor
16:47 Gold Mining
17:44 Forging
19:08 Wheelbarrow
19:43 Chain Barding Armor
22:46 Iron Casting
29:26 Bow Saw
30:14 Husbandry
31:18 Town Watch
31:48 Hand Cart
34:33 Gold Shaft Mining
Wolf Slayer
6:09 Loom
15:13 Feudal Age
15:42 Double-Bit Axe
20:33 Scale Barding Armor
20:42 Bloodlines
28:20 Castle Age
27:56 Horse Collar
29:53 Chain Barding Armor
Olkem
4:02 Loom
13:49 Feudal Age
14:19 Town Watch
14:24 Double-Bit Axe
17:25 Scale Barding Armor
23:14 Castle Age
21:24 Gold Mining
21:51 Forging
22:47 Wheelbarrow
24:23 Husbandry
24:49 Chain Barding Armor
25:40 Fletching
29:02 Iron Casting
30:29 Hand Cart
31:11 Elite Skirmisher
34:18 Pikeman
Kill Line
8:09 Loom
12:03 Feudal Age
12:25 Man-at-Arms
17:59 Fletching
svettpeis
4:46 Loom
13:38 Feudal Age
17:45 Castle Age
17:30 Double-Bit Axe
17:41 Fletching
19:49 Bodkin Arrow
22:23 Padded Archer Armor
26:58 Bow Saw
29:11 Leather Archer Armor
30:38 Ballistics
Connection lost

Rejoining the realm…

Still unreachable

The connection could not be restored.

Session expired

The server has moved on; the page needs a fresh start.